 Dungeon Crawl Stone Soup version 0.32-a0-306-gfed3edf829 (webtiles) character file.

Game seed: 7436167731332249884

130 SigmundSlayer the Chopper (level 4, -1/38 HPs)
             Began as a Mountain Dwarf Fighter on Feb 14, 2024.
             Slain by a black bear (2 damage)
             ... on level 3 of the Dungeon.
             The game lasted 00:02:43 (1382 turns).

SigmundSlayer the Chopper (Mountain Dwarf Fighter)  Turns: 1382, Time: 00:02:43

Health: -1/38      AC:  8    Str: 27    XL:     4   Next: 90%
Magic:  4/4        EV:  9    Int:  8    God:
Gold:   42         SH:  4    Dex:  9    Spells: 3/3 levels left

rFire   . . .        a - +0 war axe
rCold   . . .        c - +0 buckler
rNeg    . . .        b - +0 scale mail
rPois   .            (no helmet)
rElec   .            (no cloak)
rCorr   .            (no gloves)
SInv    +            j - +0 pair of boots
Will    .....        (no amulet) Stlth
                     f - ring of see invisible
HPRegen 0.26/turn    l - +6 ring of strength
MPRegen 0.09/turn

%: no passive effects
@: mighty
A: runic magic, artefact enchanting
a: no special abilities


You were on level 3 of the Dungeon.
You visited 1 branch of the dungeon, and saw 3 of its levels.

You collected 42 gold pieces.

Inventory:

Hand Weapons
 a - a +0 war axe (weapon)
Armour
 b - a +0 scale mail (worn)
 c - a +0 buckler (worn)
 j - a +0 pair of boots (worn)
Jewellery
 f - a ring of see invisible (left hand)
 l - a +6 ring of strength (right hand)
Scrolls
 e - a scroll of torment
 o - a scroll of blinking {unknown}
Potions
 g - a potion of enlightenment
 h - a potion of heal wounds
 i - 2 potions of curing
 k - 2 potions of mutation
 m - a potion of invisibility {unknown}
 n - a potion of berserk rage {unknown}


   Skills:
 + Level 3.3 Fighting
 - Level 6.0 Axes
 - Level 3.2 Armour
 - Level 0.8 Stealth
 - Level 3.2 Shields


You had 3 spell levels left.
You didn't know any spells.
Your spell library contained the following spells:

 Spells                   Type           Power      Damage    Failure   Level
 Ozocubu's Armour         Ice            0%         N/A       88%         3
 Stone Arrow              Conj/Erth      0%         3d7       88%         3
 Volatile Blastmotes      Fire/Tloc      0%         2d10      88%         3
 Fulminant Prism          Conj/Alch      0%         3d5       99%         4
 Iskenderun's Mystic Bla  Conj/Tloc      0%         2d3       99%         4
 Petrify                  Alch/Erth      0%         N/A       99%         4
 Borgnjor's Vile Clutch   Necr/Erth      0%         N/A       100%        5
 Metabolic Englaciation   Hex/Ice        0%         N/A       100%        5
 Sculpt Simulacrum        Ice/Alch       0%         N/A       100%        6


Dungeon Overview and Level Annotations

Branches:
Dungeon (3/15)

Altars:


Innate Abilities, Weirdness & Mutations

Your spellcasting is much less encumbered by armour.
You can use scrolls of enchantment on lesser artefacts.


Message History

The black bear claws you but does no damage.
The black bear claws you. The orc closely misses you.
You slash the orc!
You kill the orc!
You slash the black bear! The black bear bites you.
The black bear claws you but does no damage.
The black bear closely misses you.
You feel very mighty all of a sudden.
The black bear bites you but does no damage.
The black bear claws you.
The black bear claws you but does no damage.
The orc barely misses you.
You slash the black bear!
The black bear is severely wounded.
You slash the orc!
You kill the orc!
You slash the orc!
You kill the orc!
The black bear goes berserk!
Training target 6.0 for Axes reached!
Your Axes skill increases to level 6!
You need to enable at least one skill for training.
You hit the black bear.
The black bear is severely wounded.
You hit the orc wizard. You block the black bear's attack.
The black bear claws you but does no damage.
The black bear claws you. You block the orc wizard's attack.
The black bear bites you!
* * * LOW HITPOINT WARNING * * *
The black bear barely misses you. The black bear claws you.
* * * LOW HITPOINT WARNING * * *
You closely miss the black bear.
The black bear is severely wounded.
You barely miss the orc wizard. The black bear bites you!
* * * LOW HITPOINT WARNING * * *
The black bear claws you but does no damage.
The black bear barely misses you. The orc wizard closely misses you.
The black bear bites you but does no damage.
You block the black bear's attack. The black bear claws you.
You die...

####### # #.....#
#. ####.....#
#.##.##...<....#
#...!†..##.....#
...##.#..##.<...#
#.)#@########
#..)oh# ##......
......##..
##...... #.#
#>#..#.. .
#.#..#..
#.#......


You could see a black bear (berserk) and an orc wizard.

Vanquished Creatures
  4 gnolls
  A dart slug (D:1)
  3 orcs (D:3)
  8 ball pythons
  6 endoplasms
  2 giant cockroaches
  6 goblins
  3 hobgoblins
  3 jackals (D:1)
  3 kobolds
  5 quokkas
  A bat (D:1)
  2 rats (D:1)
47 creatures vanquished.

Notes
Turn   | Place    | Note
-------+----------+-------------------------------------------
     0 | D:1      | SigmundSlayer the Mountain Dwarf Fighter began the quest
                  | for the Orb.
     0 | D:1      | Reached XP level 1. HP: 19/19 MP: 1/1
    39 | D:1      | Reached skill level 3 in Axes
    39 | D:1      | Reached XP level 2. HP: 26/26 MP: 2/2
   156 | D:1      | Reached skill level 4 in Axes
   156 | D:1      | Reached XP level 3. HP: 31/31 MP: 3/3
   320 | D:1      | Got the Grimoire of Nocuous Metal
   613 | D:2      | Reached skill level 5 in Axes
   613 | D:2      | Reached XP level 4. HP: 38/38 MP: 4/4
  1372 | D:3      | Noticed a black bear
  1381 | D:3      | Reached skill level 6 in Axes
  1382 | D:3      | HP: 1/38 [black bear (7)]
  1382 | D:3      | Slain by a black bear

Illustrated notes

Levels and vault maps discovered:
D:1:      scummos_arrival_hexagon, layout_basic, minivault_25
D:2:      layout_basic, hangedman_abyss_or_decor_stabs,
          minmay_misc_feat_enclosed
D:3:      layout_loops_cross, hellmonk_no_cap

Skill      XL: |  1  2  3  4 |
---------------+-------------+-----
Axes           | 3 4 5 6 |  6.0
Fighting       | |  3.3
Armour         | |  3.2
Stealth        | |  0.8
Shields        | |  3.2

Action                     |  1- 3 |  4- 6 || total
---------------------------+-------+-------++-------
  Melee: War axe           |    63 |    37 ||   100
    Use: Scroll            |       |     5 ||     5
         Potion            |       |     1 ||     1
 Armour: Scale mail        |    47 |    33 ||    80
  Dodge: Dodged            |    40 |    17 ||    57
  Block: Buckler           |    14 |     9 ||    23

Table legend: (Time is in decaauts)
 A = Elapsed time spent in this place.
 B = Non-inter-level travel time spent in this place.
 C = Inter-level travel time spent in this place.
 D = Time resting spent in this place.
 E = Time spent auto-exploring this place.
 F = Levels seen in this place.
 G = Mean time per level.
                   A        B        C        D        E       F      G
               +--------+--------+--------+--------+--------+-----+--------+
         Total |   1410 |   1357 |     53 |     54 |   1048 |   3 |  470.0 |
       Dungeon |   1410 |   1357 |     53 |     54 |   1048 |   3 |  470.0 |
               +--------+--------+--------+--------+--------+-----+--------+

Top non-repeatable levels by time:
     D:2: 871 daAuts
     D:1: 521 daAuts
     D:3: 17 daAuts
